 Dungeon Crawl Stone Soup version 0.19.0-26-g9e9c210 (webtiles) character file.

6958 grisgris the Basher (level 11, -3/102 HPs)
             Began as a Gargoyle Fighter on Nov 23, 2016.
             Was a Priest of Qazlal.
             Slain by a spiny frog (11 damage)
             ... on level 2 of the Lair of Beasts.
             The game lasted 00:27:48 (8627 turns).

grisgris the Basher (Gargoyle Fighter)              Turns: 8627, Time: 00:27:49

Health: -3/102     AC: 30    Str: 32    XL:     11   Next: 7%
Magic:  11/11      EV:  8    Int: 10    God:    Qazlal [***...]
Gold:   431        SH: 17    Dex: 11    Spells: 0 memorised, 10 levels left

rFire  . . .     SeeInvis .     M - +2 mace (crush)
rCold  + + .     Gourm    +     R - +1 plate armour
rNeg   + . .     Faith    .     c - +0 shield
rPois  ∞         Spirit   .     p - +0 helmet
rElec  +         Reflect  .     i - +0 cloak
rCorr  +         Harm     .     a - +1 pair of gloves
MR     .....                    B - +2 pair of boots
Stlth  ..........               L - amulet of the Harvest {Gourm rC+ Str+5 Dex+2}
                                F - ring of protection from cold
                                n - ring of resist corrosion

@: berserking (expiring), very quick
A: negative energy resistance 1, electricity resistance, unbreathing,
petrification resistance, rot immunity, AC +7
a: Upheaval, Elemental Force, Renounce Religion


You were on level 2 of the Lair of Beasts.
You worshipped Qazlal.
Qazlal was most pleased with you.
You were completely stuffed.

You visited 3 branches of the dungeon, and saw 12 of its levels.

You collected 704 gold pieces.
You spent 273 gold pieces at shops.

Inventory:

Hand Weapons
 k - a +1 mace of freezing
 M - a +2 mace of crushing (weapon)
Armour
 a - a +1 pair of gloves (worn)
 c - a +0 shield (worn)
 i - a +0 cloak (worn)
 p - a +0 helmet (worn)
 q - the +0 shield of Egalitarianism {Regen+ Str+3 Dex-5}
   (You found it on level 5 of the Dungeon)

   It affects your strength (+3).
   It affects your dexterity (-5).
   It increases your rate of regeneration.
 B - a +2 pair of boots (worn)
 R - a +1 plate armour (worn)
Jewellery
 n - a ring of resist corrosion (left hand)
 F - a ring of protection from cold (right hand)
 L - the amulet of the Harvest (around neck) {Gourm rC+ Str+5 Dex+2}
   (You acquired it on level 8 of the Dungeon)

   [amulet of the gourmand]

   It allows you to eat raw meat even when not hungry.
   It affects your strength (+5).
   It affects your dexterity (+2).
   It protects you from cold.
Scrolls
 e - 4 scrolls of fear
 v - a scroll of remove curse
 E - 2 scrolls of recharging
 P - a scroll of magic mapping
 Q - 2 scrolls of identify
Potions
 b - a potion of cure mutation {unknown}
 d - 2 potions of might
 x - a potion of berserk rage
 z - 2 potions of ambrosia
 A - 2 potions of haste
 G - a potion of agility
 H - 2 potions of curing
 N - 3 potions of heal wounds
Books
 C - a book of Cantrips

   Spells                             Type                      Level
   a - Confusing Touch                Hexes                        1
   b - Animate Skeleton               Necromancy                   1
   c - Summon Small Mammal            Summoning                    1
   d - Apportation                    Translocation                1
 K - a book of Callings

   Spells                             Type                      Level
   a - Summon Small Mammal            Summoning                    1
   b - Call Imp                       Summoning                    2
   c - Call Canine Familiar           Summoning                    3
   d - Summon Guardian Golem          Hexes/Summoning              3
   e - Summon Lightning Spire         Summoning/Air                4
   f - Summon Ice Beast               Ice/Summoning                4
Comestibles
 f - 6 bread rations
 g - a royal jelly
 h - 2 slices of pizza
 j - 2 fruits
 u - 5 meat rations
 O - 2 beef jerkies


   Skills:
 + Level 7.7 Fighting
 + Level 10.3 Maces & Flails
 + Level 7.7 Armour
 + Level 2.8 Dodging
 + Level 10.3 Shields


You had 10 spell levels left.
You didn't know any spells.

Dungeon Overview and Level Annotations

Branches:
Dungeon (9/15)             Temple (1/1) D:4            Lair (2/6) D:9
  Swamp: Lair:2-4    Shoals: Lair:2-4     Snake: Lair:2-4    Spider: Lair:2-4
    Orc: D:9-12

Altars:
Ashenzari
Gozag
Qazlal
Ru
Sif Muna
Trog
Vehumet
Xom
Zin
The Shining One

Shops:
D:4 (!*(   D:6 *   D:8 *

Annotations:
Lair:2 Urug


Innate Abilities, Weirdness & Mutations

You are resistant to torment.
Your stone body is resilient. (AC +7)
You are immune to poison.
You resist negative energy. (rN+)
You are resistant to electric shocks. (rElec)
You can survive without breathing.
You are immune to petrification.
You are immune to rotting.


Message History

* * * LOW HITPOINT WARNING * * *
The hippogriff is engulfed in freezing vapours.
You block the hippogriff's attack. x2
The hippogriff claws you but does no damage.
Urug screams, "I'm goin' to kill you!
Now!"
You barely miss the hippogriff.
The hippogriff is heavily wounded.
The spiny frog misses you.
The spiny frog is engulfed in freezing vapours.
The spiny frog seems to slow down.
You block the spiny frog's attack.
The hippogriff is engulfed in freezing vapours.
You block the hippogriff's attack. x2
The hippogriff claws you but does no damage.
You sock the hippogriff!
You kill the hippogriff!
Qazlal accepts your kill.
Urug throws a javelin.
The javelin hits you!
* * * LOW HITPOINT WARNING * * *
The spiny frog stings you!
You die...

######## ### #### ######### ##
.#..##.###.#####P.####P#.##..###P
...........................[.....
...†.............................
...†.............................
.P.#.####P.....##.#..............
.................................
...............FF................
...(......)..o.§@................
.(##..###.##.#.###.....#########.
..##### ######## #....#########
()# ..##P#..##.. .....H..
............ ........
............ ....$...
...........÷ ........
............ ........
............


You could see Urug and 2 spiny frogs.

Vanquished Creatures
  Harold (Lair:2)
  A spiny frog (Lair:2)
  A komodo dragon (Lair:1)
  A two-headed ogre (D:8)
  Prince Ribbit (D:7)
  2 hippogriffs
  4 yaks (Lair:1)
  A hungry ghost (D:9)
  2 water moccasins
  Duvessa (D:7)
  2 orc warriors
  2 porcupines (Lair:1)
  A black bear (D:7)
  2 sky beasts
  2 phantoms (D:4)
  4 ogres
  3 centaurs
  3 crocodiles
  4 bullfrogs
  Dowan (D:7)
  A scorpion (D:7)
  A wyvern skeleton (D:6)
  8 killer bees
  An electric eel (Lair:1)
  A howler monkey (D:4)
  2 bullfrog zombies
  A crimson imp (D:6)
  4 quasits
  4 hounds
  A jelly (D:5)
  8 orc priests
  A bullfrog skeleton (D:4)
  2 centaur skeletons
  Ijyb (D:3)
  2 iguanas
  5 orc wizards
  7 worker ants
  A killer bee zombie (D:4)
  A hound skeleton (D:8)
  Robin (D:3)
  7 gnolls
  A howler monkey skeleton (D:5)
  11 adders
  7 river rats (D:9)
  A shadow imp (D:9)
  An adder zombie (D:7)
  An adder skeleton (D:4)
  5 worms
  2 dart slugs
  5 leopard geckos
  21 orcs
  6 ball pythons
  6 giant cockroaches
  7 goblins
  10 hobgoblins
  6 jackals
  4 quokkas
  14 bats
  4 frilled lizards
  3 kobolds
  A quokka skeleton (D:4)
  11 rats
  A plant (D:1)
227 creatures vanquished.

Vanquished Creatures (others)
  13 fungi (D:9)
  A plant (Lair:1)
14 creatures vanquished.

Grand Total: 241 creatures vanquished

Notes
Turn   | Place    | Note
-------+----------+-------------------------------------------
     0 | D:1      | grisgris the Gargoyle Fighter began the quest for the Orb.
     0 | D:1      | Reached XP level 1. HP: 14/14 MP: 1/1
   175 | D:1      | Reached XP level 2. HP: 16/19 MP: 2/2
   725 | D:2      | Reached XP level 3. HP: 18/23 MP: 3/3
  1720 | D:3      | Noticed Ijyb
  1756 | D:3      | Killed Ijyb
  1756 | D:3      | Reached XP level 4. HP: 29/29 MP: 4/4
  1780 | D:3      | Noticed Robin
  1809 | D:3      | Killed Robin
  2148 | D:3      | Reached XP level 5. HP: 33/33 MP: 5/5
  2572 | D:4      | Found a shattered altar of Ashenzari.
  2572 | D:4      | Found a glowing silver altar of Zin.
  2580 | D:4      | Reached skill level 1 in Dodging
  2592 | D:4      | Reached XP level 6. HP: 31/39 MP: 6/6
  2637 | D:4      | Found Xuixolud's Antique Weapon Shoppe.
  2745 | D:4      | Found Esaa's Distillery.
  2749 | D:4      | Bought a potion of magic for 96 gold pieces
  2749 | D:4      | Bought a potion of berserk rage for 60 gold pieces
  2937 | D:4      | Found Jacvyimp's Assorted Antiques.
  2948 | D:4      | Bought a scroll labeled VUZISO EFEYN for 24 gold pieces
  2948 | D:4      | Bought a scroll of identify for 48 gold pieces
  3206 | D:4      | Found Jogy's Antique Weapon Shop.
  3327 | D:4      | Noticed a phantom
  3383 | D:4      | Killed a phantom
  3383 | D:4      | Reached skill level 5 in Shields
  3383 | D:4      | Reached XP level 7. HP: 41/44 MP: 7/7
  3526 | D:4      | Found a staircase to the Ecumenical Temple.
  3536 | Temple   | Entered the Ecumenical Temple
  3550 | Temple   | Became a worshipper of Qazlal Stormbringer
  3640 | D:4      | Reached skill level 5 in Maces & Flails
  4003 | D:5      | Entered Level 5 of the Dungeon
  4020 | D:5      | Got a warped shield
  4031 | D:5      | Identified the cursed +0 shield of Egalitarianism {Regen+ Str+3 Dex-5} (You found it on level 5 of the Dungeon)
  4051 | D:5      | Found a radiant altar of Vehumet.
  4336 | D:5      | Reached XP level 8. HP: 15/48 MP: 8/8
  4431 | D:5      | Reached skill level 5 in Armour
  4531 | D:5      | Found a sacrificial altar of Ru.
  4743 | D:5      | Reached skill level 5 in Fighting
  4826 | D:6      | Reached * piety under Qazlal
  5079 | D:6      | Found a bloodstained altar of Trog.
  5079 | D:6      | Found a glowing golden altar of the Shining One.
  5090 | D:6      | Found Pethis's Practical Paraphernalia.
  5116 | D:6      | Found a shimmering altar of Xom.
  5262 | D:6      | Reached XP level 9. HP: 44/54 MP: 9/9
  5767 | D:7      | Noticed Prince Ribbit
  5811 | D:7      | Killed Prince Ribbit
  5847 | D:7      | Found a shattered altar of Ashenzari.
  5885 | D:7      | Reached ** piety under Qazlal
  6084 | D:7      | Noticed Dowan
  6085 | D:7      | Noticed Duvessa
  6101 | D:7      | Killed Duvessa
  6113 | D:7      | Killed Dowan
  6435 | D:8      | Noticed a two-headed ogre
  6443 | D:8      | Killed a two-headed ogre
  6443 | D:8      | Reached XP level 10. HP: 28/61 MP: 10/10
  6747 | D:8      | Found Ywaanted's General Store.
  6753 | D:8      | Bought a scroll of magic mapping for 45 gold pieces
  6754 | D:8      | Identified a scroll of acquirement
  6755 | D:8      | Got a clouded ruby amulet
  6790 | D:8      | Found a bloodstained altar of Trog.
  7250 | D:9      | Identified the amulet of the Harvest {Gourm rC+ Str+5 Dex+2} (You acquired it on level 8 of the Dungeon)
  7529 | D:9      | Reached *** piety under Qazlal
  7810 | D:9      | Found a staircase to the Lair.
  7819 | Lair:1   | Entered Level 1 of the Lair of Beasts
  8574 | Lair:2   | Noticed a spiny frog
  8588 | Lair:2   | Killed a spiny frog
  8588 | Lair:2   | Reached skill level 10 in Shields
  8597 | Lair:2   | Noticed a spiny frog
  8598 | Lair:2   | Noticed a spiny frog
  8599 | Lair:2   | Noticed Harold
  8605 | Lair:2   | Noticed Urug
  8622 | Lair:2   | Killed Harold
  8622 | Lair:2   | Reached skill level 10 in Maces & Flails
  8622 | Lair:2   | Reached XP level 11. HP: 39/68 MP: 11/11
  8627 | Lair:2   | Slain by a spiny frog

Skill      XL: |  1  2  3  4  5  6  7  8  9 10 |
---------------+-------------------------------+-----
Maces & Flails | 3 4 5 7 8 10 | 10.3
Armour         | 4 5 6 7 |  7.7
Fighting       | 4 5 6 7 |  7.7
Shields        | 4 5 7 8 10 | 10.3
Dodging        | 1 2 |  2.8

Action                   |  1- 3 |  4- 6 |  7- 9 | 10-12 || total
-------------------------+-------+-------+-------+-------++-------
Melee: Flail             |   108 |       |       |       ||   108
       Mace              |    71 |   244 |   586 |   287 ||  1188
  Use: Scroll            |     5 |     5 |     4 |     8 ||    22
       Potion            |       |     5 |     1 |     1 ||     7
  Eat: Chunk             |     1 |     3 |     8 |     9 ||    21
       Meat ration       |     1 |       |     1 |     1 ||     3
       Beef jerky        |       |       |     1 |       ||     1
       Royal jelly       |       |       |       |     1 ||     1
Armor: Scale mail        |    62 |       |       |       ||    62
       Chain mail        |    28 |   195 |   400 |   101 ||   724
       Plate armour      |       |       |       |    84 ||    84
Dodge: Dodged            |    52 |    77 |   146 |   107 ||   382
Block: Shield            |    77 |   143 |   356 |   287 ||   863
